AoeStats
← 1725629104

Arabia

510377943Analyzed
2v2 RM · 2d ago on Sep 30, 2026· 57m 13s· 4 players
Game mode
Random Map
Map size
Medium (4 player)
Population
200
Speed
Normal
Resources
Standard
Victory
Conquest
Starting age
Dark Age
Ending age
Imperial Age
RankedLock teamsTeams togetherTeam positionsShared explorationLock speedFull tech treeHidden civsTurbo modeCheats
Victory
Defeat
🇩🇪 Bulgarians · Germany
893
+19
🇩🇪 Magyars · Germany
889
+19
🇨🇳 Lithuanians · China
970
-20
🇨🇳 Mongols · China
942
-18
Masturbinho_69
7:21 Loom
7:34 Loom
9:34 Feudal Age
10:12 Double-Bit Axe
13:14 Arson
18:56 Horse Collar
22:16 Castle Age
22:50 Fletching
22:53 Gambesons
23:42 Pikeman
25:58 Heavy Plow
28:12 Forging
31:59 Bow Saw
32:26 Wheelbarrow
33:54 Hand Cart
36:32 Thumb Ring
38:29 Squires
41:54 Imperial Age
39:39 Scale Mail Armor
40:15 Iron Casting
40:23 Chain Mail Armor
40:08 Gold Mining
43:50 Blast Furnace
43:21 Plate Mail Armor
42:21 Halberdier
47:14 Conscription
48:42 Chemistry
48:03 Ballistics
47:32 Elite Konnik
49:13 Scale Barding Armor
52:14 Chain Barding Armor
53:10 Spies/Treason
Miklós Zrínyi VII.
9:09 Loom
10:58 Feudal Age
13:04 Double-Bit Axe
15:24 Horse Collar
18:57 Castle Age
20:04 Bow Saw
21:22 Heavy Plow
23:02 Husbandry
26:36 Fletching
26:47 Padded Archer Armor
27:21 Bloodlines
33:48 Ballistics
33:25 Bodkin Arrow
33:46 Leather Archer Armor
35:43 Wheelbarrow
35:33 Thumb Ring
40:46 Imperial Age
39:15 Hand Cart
40:12 Pikeman
41:03 Scale Mail Armor
42:54 Chemistry
41:58 Recurve Bow
41:38 Halberdier
45:33 Bracer
46:04 Ring Archer Armor
45:53 Chain Mail Armor
49:28 Conscription
55:36 Heavy Cavalry Archer
56:42 Parthian Tactics
1725629104
1:34 Loom
12:25 Feudal Age
12:55 Double-Bit Axe
12:53 Horse Collar
20:28 Castle Age
20:15 Bloodlines
25:18 Gold Mining
26:46 Bow Saw
27:41 Forging
27:38 Scale Barding Armor
31:49 Wheelbarrow
31:36 Chain Barding Armor
36:34 Imperial Age
34:22 Hand Cart
36:45 Iron Casting
36:17 Husbandry
36:40 Elite Leitis
37:28 Tower Shields
40:22 Stone Mining
40:49 Elite Skirmisher
47:33 Plate Barding Armor
48:40 Capped Ram
1510232110
0:38 Loom
13:00 Feudal Age
22:58 Castle Age
29:32 Husbandry
37:26 Fletching
38:17 Double-Bit Axe
Connection lost

Rejoining the realm…

Still unreachable

The connection could not be restored.

Session expired

The server has moved on; the page needs a fresh start.